 Dungeon Crawl Stone Soup version 0.23.0-3-gf3c87f2df8 (webtiles) character file.

Game seed: 16927967146490708236

170 Artool the Skirmisher (level 5, 0/42 HPs)
             Began as a Demonspawn Fighter on Feb 21, 2019.
             Succumbed to SharpKris's ghost's poison
             ... on level 3 of the Dungeon.
             The game lasted 00:09:31 (3291 turns).

Artool the Skirmisher (Demonspawn Fighter)          Turns: 3291, Time: 00:09:32

Health: 0/42       AC:  8    Str: 16    XL:     5   Next: 25%
Magic:  5/5        EV: 11    Int: 10    God:
Gold:   187        SH:  0    Dex: 13    Spells: 4/4 levels left

rFire    . . .     SeeInvis .   a - +0 flail
rCold    . . .     Gourm    .   (no shield)
rNeg     . . .     Faith    .   b - +0 scale mail
rPois    .         Spirit   +   (helmet restricted)
rElec    .         Reflect  .   i - +0 cloak
rCorr    .         Harm     .   (no gloves)
MR       .....                  (no boots)
Stlth    ..........             (no amulet)
HPRegen  0.14/turn              (no ring)
MPRegen  0.09/turn              (no ring)

@: lethally poisoned (0 -> -45)
A: antennae 1, repulsion field 1, magic shield
a: no special abilities


You were on level 3 of the Dungeon.
You were not hungry.

You visited 1 branch of the dungeon, and saw 3 of its levels.

You collected 187 gold pieces.

Inventory:

Hand Weapons
 a - a +0 flail (weapon)
Armour
 b - a +0 scale mail (worn)
 c - a +0 shield
 i - a +0 cloak (worn)
 s - a +0 large shield
Jewellery
 l - a cursed ring of teleportation {unknown}
 y - an uncursed amulet of the acrobat {unknown}
 z - a +2 ring of strength {unknown}
Scrolls
 e - a scroll of random uselessness {unknown}
 h - 6 scrolls of identify {unknown}
 o - a scroll of fog {unknown}
 v - 2 scrolls of fear {unknown}
 w - 2 scrolls of amnesia {unknown}
 x - a scroll of immolation {unknown}
Potions
 d - a potion of might
 j - a potion of heal wounds {unknown}
 k - 5 potions of flight {unknown}
 m - 2 potions of ambrosia {unknown}
 n - a potion of mutation {unknown}
 p - 2 potions of degeneration {unknown}
 q - a potion of resistance {unknown}
 r - a potion of cancellation {unknown}
 t - 4 potions of curing {unknown}
 u - 2 potions of brilliance {unknown}
Comestibles
 f - 6 rations
 g - 5 chunks of flesh


   Skills:
 * Level 4.2 Fighting
 * Level 2.9 Maces & Flails
 * Level 3.4 Armour
 + Level 1.1 Dodging
 + Level 3.1 Shields


You had 4 spell levels left.
You didn't know any spells.
Your spell library was empty.

Dungeon Overview and Level Annotations

Branches:
Dungeon (3/15)

Altars:

Annotations:
D:3 SharpKris's ghost, weakling GnSk


Innate Abilities, Weirdness & Mutations

You have a pair of small antennae on your head.
You are surrounded by a mild repulsion field. (EV +2)
When hurt, damage is shared between your health and your magic reserves.


Message History

You are more poisoned.
SharpKris's ghost misses you.
You hit SharpKris's ghost but do no damage.
SharpKris's ghost is lightly damaged.
You feel very sick.
SharpKris's ghost hits you but does no damage.
You are more poisoned.
You hit SharpKris's ghost.
SharpKris's ghost is moderately damaged.
* * * LOW HITPOINT WARNING * * *
You feel very sick.
SharpKris's ghost says, "If you think I look tough now, just wait!"
SharpKris's ghost hits you but does no damage.
You are more poisoned.
* * * LOW HITPOINT WARNING * * *
You feel very sick. SharpKris's ghost closely misses you.
* * * LOW HITPOINT WARNING * * *
You feel very sick.
You die...

.......................#
...........#######.###.#
..##.......# #.....# #.#
..###......######### #.#
#...........#P.#.## #.#
#...........#8('..## #.#
#.....##.)..#P.#W..###.#
#.....##....####...#...#
#(.....#........@..#)###
#.......#.........##.#
......#.#....#...###>#
........#....#....#..#
...................(##
.#..........#......##
.#####......##.....#
........###.##.....#
###.......[........#


You could see SharpKris's ghost.

Vanquished Creatures
  6 adders
  6 worms
  4 dart slugs
  2 leopard geckos
  5 orcs
  3 giant cockroaches
  9 goblins
  16 hobgoblins
  2 jackals (D:2)
  2 quokkas (D:2)
  3 ball pythons
  7 bats
  5 frilled lizards
  4 kobolds
  9 rats
83 creatures vanquished.

Notes
Turn   | Place    | Note
-------+----------+-------------------------------------------
     0 | D:1      | Artool the Demonspawn Fighter began the quest for the Orb.
     0 | D:1      | Reached XP level 1. HP: 18/18 MP: 1/1
    52 | D:1      | Gained mutation: You are surrounded by a mild repulsion
                  | field. (EV +2) [demonic ancestry]
    52 | D:1      | Reached XP level 2. HP: 15/24 MP: 2/2
   531 | D:1      | Reached XP level 3. HP: 27/29 MP: 3/3
  1541 | D:2      | Gained mutation: When hurt, damage is shared between your
                  | health and your magic reserves. [demonic ancestry]
  1541 | D:2      | Reached XP level 4. HP: 24/37 MP: 4/4
  2373 | D:2      | Reached skill level 1 in Dodging
  2403 | D:2      | Reached skill level 4 in Fighting
  2830 | D:3      | Gained mutation: You have a pair of small antennae on your
                  | head. [demonic ancestry]
  2830 | D:3      | Reached XP level 5. HP: 42/42 MP: 5/5
  2979 | D:3      | Found a runed translucent door.
  3226 | D:3      | Noticed SharpKris's ghost (weakling GnSk)
  3291 | D:3      | Succumbed to SharpKris's ghost's poison

Skill      XL: |  1  2  3  4 |
---------------+-------------+-----
Maces & Flails | 2 |  2.9
Armour         | 3 |  3.4
Shields        | 3 |  3.1
Dodging        | 1 |  1.1
Fighting       | 4 |  4.2

Action                   |  1- 3 |  4- 6 || total
-------------------------+-------+-------++-------
Melee: Flail             |   181 |   167 ||   348
  Eat: Chunk             |     2 |     6 ||     8
Armor: Scale mail        |    92 |    96 ||   188
Dodge: Dodged            |   149 |   126 ||   275
